Map: Ruby Rock LE

Players

LЁva

  • Race: Zerg Zerg
  • League: Diamond
  • Spawn Location: 5:00

HoldTheDoor - Winner!

  • Race: Protoss Protoss
  • League: Diamond
  • Spawn Location: 11:00

VOD

Have the link to the VOD?

Description

Time

  • Played on: May 1, 2026, 1:02 p.m.
  • Length: 9:23
Show
View Real Time Build Order
Export as new Build Order

LЁva Zerg 

Build Orders: Hatch First 

Get SALT Encoding   

  12  0:01  Drone  
  13  0:12  Overlord  
  13  0:16  Drone  
  14  0:30  Drone x2  
  16  0:37  Drone  
  17  0:51  Hatchery  
  17  0:52  Drone  
  17  0:55  Drone  
  18  1:09  Spawning Pool  
  18  1:10  Extractor  
  16  1:13  Drone  
  16  1:17  Drone  
  18  1:35  Drone  
  19  1:41  Drone  
  20  1:51  Drone  
  21  2:00  Drone  
  22  2:05  Queen x2  
  22  2:08  Drone  
  27  2:15  Drone  
  28  2:16  Overlord  
  28  2:17  Metabolic Boost  
  28  2:38  Hatchery  
  28  2:41  Queen  
  29  2:44  Drone x3  
  32  2:55  Drone x3  
  35  3:09  Baneling Nest  
  35  3:10  Drone x2  
  35  3:11  Overlord  
  36  3:30  Overlord  
  36  3:31  Overlord  
  36  3:47  Queen  
  38  3:51  Drone  
  38  3:52  Drone  
  38  3:53  Hatchery, Extractor  
  38  3:55  Extractor  
  37  3:58  Zergling x8  
  41  4:08  Queen  
  43  4:10  Drone  
  43  4:11  Drone  
  43  4:12  Drone x2  
  43  4:13  Drone x2  
  43  4:15  Drone x2  
  43  4:16  Drone  
  52  4:18  Overlord  
  52  4:20  Overlord  
  52  4:34  Zergling x10  
  57  4:39  Lair  
  57  4:50  Drone x2  
  57  4:51  Drone x4  
  63  4:56  Drone  
  63  4:57  Drone  
  65  5:02  Drone  
  66  5:19  Baneling x2  
  66  5:20  Baneling x6  
  66  5:26  Evolution Chamber  
  66  5:27  Evolution Chamber  
  56  5:37  Overseer  
  56  5:39  Zergling x12  
  56  5:40  Zergling x2  
  65  5:46  Queen  
  65  6:02  Drone  
  65  6:03  Drone x2  
  68  6:09  Spore Crawler  
  68  6:10  Spore Crawler  
  66  6:14  Zerg Missile Weapons Level 1  
  66  6:15  Zerg Ground Armor Level 1, Hatchery  
  66  6:16  Centrifugal Hooks  
  65  6:23  Spore Crawler x2  
  63  6:29  Spore Crawler  
  63  6:31  Drone x4  
  63  6:32  Drone x2  
  68  6:34  Drone x2  
  68  6:39  Pneumatized Carapace  
  70  6:42  Overseer  
  70  6:51  Drone x4  
  70  6:53  Overlord x3  
  70  7:34  Zergling x20  
  78  7:51  Hydralisk Den  
  77  7:53  Infestation Pit  
  77  7:54  Drone x3, Extractor  
  77  7:56  Drone x11  
  77  7:58  Queen x3  
  95  8:06  Baneling x5  
  93  8:36  Hydralisk x3  
  98  8:42  Drone x2, Extractor  
  98  8:43  Drone, Hydralisk  
  98  8:44  Zergling x2, Extractor  
  98  8:45  Overlord  
  98  8:46  Overlord x2  
  94  9:05  Zergling x10  
  94  9:06  Zergling x2  
Show
View Real Time Build Order
Export as new Build Order

HoldTheDoor Protoss - Winner!

Build Orders: 1 Gate Expand, Zealot Archon, Archon Drop, Dark Templar Rush 

Get SALT Encoding   

  12  0:00  Probe  
  13  0:12  Probe  
  14  0:23  Pylon  
  14  0:24  Probe  
  15  0:37  Probe  
  16  0:43  Gateway  
  16  0:45  Probe  
  17  0:51  Assimilator  
  17  0:55  Probe  
  18  1:08  Probe  
  19  1:20  Probe  
  20  1:32  Probe  
  21  1:42  Nexus  
  21  1:44  Probe  
  21  1:45  Cybernetics Core  
  22  1:48  Assimilator  
  22  1:54  Pylon  
  22  1:56  Probe  
  23  2:10  Stalker  
  23  2:12  Probe  
  24  2:19  Gateway  
  26  2:24  Warp Gate  
  26  2:26  Probe  
  27  2:38  Probe  
  27  2:39  Adept  
  30  2:50  Probe  
  31  2:55  Probe  
  32  3:02  Probe  
  33  3:08  Probe  
  34  3:14  Probe  
  35  3:20  Probe  
  35  3:21  Twilight Council  
  35  3:22  Robotics Facility  
  35  3:26  Probe  
  37  3:32  Probe  
  38  3:38  Probe  
  39  3:44  Probe  
  39  3:48  Assimilator  
  40  3:50  Probe  
  41  3:56  Pylon, Probe  
  41  3:58  Dark Shrine  
  41  4:01  Gateway x2  
  43  4:02  Probe  
  43  4:03  Pylon  
  43  4:05  Warp Prism  
  43  4:08  Probe  
  44  4:15  Probe  
  47  4:20  Probe  
  48  4:27  Probe, Pylon  
  49  4:32  Probe  
  50  4:39  Probe  
  50  4:42  Nexus  
  50  4:44  Pylon  
  51  4:57  Charge  
  51  4:59  Probe x2  
  53  5:10  Dark Templar  
  53  5:11  Dark Templar x3  
  61  5:38  Immortal  
  65  5:42  Forge  
  65  5:45  Probe, Gateway  
  65  5:46  Gateway  
  65  5:49  Gateway  
  66  5:52  Gateway  
  66  5:57  Pylon  
  66  6:03  Zealot x2, Shield Battery  
  66  6:04  Zealot x2  
  74  6:17  Observer  
  75  6:23  Probe  
  76  6:26  Protoss Ground Weapons Level 1  
  76  6:28  Archon  
  76  6:29  Archon  
  76  6:31  Zealot x4  
  84  6:36  Probe, Pylon  
  84  6:38  Pylon  
  85  6:42  Pylon  
  85  6:44  Assimilator  
  85  6:47  Dark Templar  
  85  6:48  Dark Templar x3  
  85  6:52  Archon x2  
  83  7:08  Zealot  
  83  7:09  Zealot x3  
  91  7:17  Photon Cannon  
  91  7:19  Photon Cannon  
  91  7:21  Probe  
  91  7:22  Photon Cannon  
  92  7:23  Pylon  
  92  7:25  Pylon  
  92  7:26  Pylon  
  92  7:27  Pylon  
  92  7:28  Probe x2  
  92  7:29  Photon Cannon  
  94  7:33  Photon Cannon, Probe  
  95  7:38  Dark Templar x3  
  95  7:40  Probe, Zealot  
  95  7:42  Archon  
  88  7:47  Probe x2  
  90  7:52  Probe  
  91  8:11  Warp Prism  
  93  8:18  Stalker x4  
  101  8:22  Sentry x3  
  107  8:41  Zealot x5  
  107  9:14  Zealot x4  
  107  9:15  Zealot x4  
Tags
 
Add a new tag
Caveats
  • Supply blocks, unpowered buildings, or Contaminate may cause inaccurate times.
  • Supply counts are checked every 10 seconds.